 Dungeon Crawl Stone Soup version 0.19.4-8-ga85b6b9 (webtiles) character file.

1497 Kiturien the Chopper (level 8, -2/79 HPs)
             Began as a Troll Monk on Feb 6, 2017.
             Was a Priest of Qazlal.
             Slain by Duvessa
             ... wielding a +0 short sword
              (4 damage)
             ... on level 6 of the Dungeon.
             The game lasted 00:13:45 (4162 turns).

Kiturien the Chopper (Troll Monk)                   Turns: 4162, Time: 00:13:46

Health: -2/79      AC:  4    Str: 22    XL:     8   Next: 51%
Magic:  7/7        EV: 14    Int:  6    God:    Qazlal [***...]
Gold:   327        SH:  6    Dex: 14    Spells: 0 memorised, 7 levels left

rFire  . . .     SeeInvis .     m - +0 war axe (freeze)
rCold  . . .     Gourm    +     a - +0 robe
rNeg   . . .     Faith    .     (no shield)
rPois  .         Spirit   .     (helmet restricted)
rElec  .         Reflect  +     (no cloak)
rCorr  .         Harm     .     (gloves unavailable)
MR     .....     Rnd*Rage +     (boots unavailable)
Stlth  +.........               v - +2 amulet of reflection
                                (no ring)
                                l - +2 ring of dexterity

@: no status effects
A: unfitting armour, claws 3, repulsion field 1, berserk 1, deformed body, fast
metabolism 3, gourmand, regeneration 1, shaggy fur 1, tough skin 2
a: Upheaval, Elemental Force, Renounce Religion


You were on level 6 of the Dungeon.
You worshipped Qazlal.
Qazlal was most pleased with you.
You were completely stuffed.

You visited 1 branch of the dungeon, and saw 6 of its levels.

You collected 327 gold pieces.

Inventory:

Hand Weapons
 m - a +0 war axe of freezing (weapon)
Armour
 a - a +0 robe (worn)
Jewellery
 l - a +2 ring of dexterity (left claw)
 q - an uncursed amulet of magic regeneration
 v - a +2 amulet of reflection (around neck)
Scrolls
 d - 4 scrolls of identify
 e - 3 scrolls of teleportation
 f - 3 scrolls of recharging
 i - a scroll of fog {unknown}
 k - 4 scrolls of remove curse
 o - a scroll of magic mapping {unknown}
 r - a scroll of blinking {unknown}
 s - 2 scrolls of enchant weapon {unknown}
 t - 2 scrolls of immolation
 u - a scroll of enchant armour {unknown}
 x - 2 scrolls of fear {unknown}
Potions
 h - 2 potions of agility
Books
 g - a book of Conjurations

   Spells                             Type                      Level
   a - Magic Dart                     Conjuration                  1
   b - Searing Ray                    Conjuration                  2
   c - Dazzling Spray                 Conjuration/Hexes            3
   d - Fulminant Prism                Conjuration/Hexes            4
   e - Iskenderun's Mystic Blast      Conjuration                  4
   f - Iskenderun's Battlesphere      Conjuration/Charms           5
 j - a book of Cantrips

   Spells                             Type                      Level
   a - Confusing Touch                Hexes                        1
   b - Animate Skeleton               Necromancy                   1
   c - Summon Small Mammal            Summoning                    1
   d - Apportation                    Translocation                1
 n - a book of Maledictions

   Spells                             Type                      Level
   a - Corona                         Hexes                        1
   b - Ensorcelled Hibernation        Hexes/Ice                    2
   c - Confuse                        Hexes                        3
   d - Tukima's Dance                 Hexes                        3
   e - Dazzling Spray                 Conjuration/Hexes            3
Comestibles
 b - 4 bread rations
 c - a beef jerky
 p - 3 fruits


   Skills:
 + Level 4.6 Fighting
 + Level 5.8 Axes
 + Level 1.1 Armour
 + Level 4.7 Dodging
 - Level 1.0 Stealth
 + Level 4.4 Unarmed Combat


You had 7 spell levels left.
You didn't know any spells.

Dungeon Overview and Level Annotations

Branches:
Dungeon (6/15)             Temple (0/1) D:4

Altars:
Ashenzari
Cheibriados
Gozag
Kikubaaqudgha
Makhleb
Qazlal
Ru
The Shining One

Shops:
D:5 ?

Annotations:
D:6 Blork the orc, Dowan, Duvessa


Innate Abilities, Weirdness & Mutations

You are too large for most types of armour.
You have claws for hands.
Your metabolism is lightning-fast.
You like to eat raw meat.
Your natural rate of healing is unusually fast.
You are covered in fur. (AC +1)
You have very tough skin. (AC +2)
You are surrounded by a mild repulsion field. (EV +2)
You tend to lose your temper in combat.
Armour fits poorly on your strangely shaped body.


Message History

Unknown command.
You hit Dowan. You freeze Dowan.
Dowan is moderately wounded.
You completely miss Duvessa. Duvessa hits you with a short sword.
* * * LOW HITPOINT WARNING * * *
Dowan hits you but does no damage.
Unknown command.
You slash Dowan! You freeze Dowan.
Dowan is severely wounded.
You hit Duvessa. You freeze Duvessa. You block Duvessa's attack.
Dowan points at you and mumbles some strange words.
The puff of frost hits you!
* * * LOW HITPOINT WARNING * * *
Duvessa barely misses you.
The phantom blinks!
You hit Dowan. You freeze Dowan.
Dowan is almost dead.
You hit Duvessa. You freeze Duvessa. Dowan gestures at you while chanting.
You resist with some effort. Duvessa hits you with a short sword.
You die...

...............
...$...........
#..............
#..............
#..............
###..............
#........).......
#......e.?.......
#.....@.§........
#....§oe.........
#................
#................
#................
#................
#.W..............
#.................
###...............


You could see a phantom, Duvessa, Blork the orc and Dowan.

Vanquished Creatures
  Sigmund (D:3)
  Menkaure (D:6)
  2 phantoms
  2 ogres
  2 scorpions
  2 howler monkeys
  A crimson imp (D:5)
  A quasit (D:6)
  A hound (D:4)
  2 orc priests (D:5)
  A gnoll shaman (D:5)
  A centaur skeleton (D:4)
  Jessica (D:2)
  3 orc wizards
  6 worker ants
  3 gnolls (D:5)
  2 howler monkey skeletons
  7 adders
  An ooze (D:2)
  An adder zombie (D:5)
  2 worms
  2 dart slugs
  5 leopard geckos
  10 orcs
  7 bats
  4 giant cockroaches
  3 goblins
  9 hobgoblins
  7 jackals
  5 quokkas
  8 frilled lizards
  8 kobolds
  A quokka zombie (D:5)
  28 rats
140 creatures vanquished.

Notes
Turn   | Place    | Note
-------+----------+-------------------------------------------
     0 | D:1      | Kiturien the Troll Monk began the quest for the Orb.
     0 | D:1      | Reached XP level 1. HP: 22/22 MP: 0/0
    93 | D:1      | Reached XP level 2. HP: 26/29 MP: 1/1
   452 | D:1      | Reached XP level 3. HP: 36/36 MP: 2/2
   743 | D:2      | Noticed Jessica
   759 | D:2      | Killed Jessica
   759 | D:2      | Reached XP level 4. HP: 45/45 MP: 3/3
   990 | D:2      | Found a stormy altar of Qazlal.
  1467 | D:2      | Became a worshipper of Qazlal Stormbringer
  1467 | D:2      | Reached * piety under Qazlal
  1467 | D:2      | Reached ** piety under Qazlal
  1560 | D:3      | Reached XP level 5. HP: 35/53 MP: 4/4
  1623 | D:3      | Reached skill level 1 in Axes
  1797 | D:3      | Noticed Sigmund
  1817 | D:3      | Killed Sigmund
  1817 | D:3      | Reached skill level 2 in Axes
  1817 | D:3      | Reached XP level 6. HP: 31/61 MP: 5/5
  1837 | D:3      | Found a glowing golden altar of the Shining One.
  1885 | D:3      | Found a shattered altar of Ashenzari.
  2180 | D:3      | Found a sacrificial altar of Ru.
  2183 | D:3      | Found a snail-covered altar of Cheibriados.
  2186 | D:3      | Found an opulent altar of Gozag.
  2371 | D:4      | Reached skill level 3 in Axes
  2385 | D:4      | Reached XP level 7. HP: 23/68 MP: 6/6
  2482 | D:4      | Found a staircase to the Ecumenical Temple.
  2546 | D:4      | Reached skill level 1 in Armour
  2750 | D:4      | Reached skill level 4 in Axes
  3376 | D:5      | Entered Level 5 of the Dungeon
  3421 | D:5      | Found an ancient bone altar of Kikubaaqudgha.
  3470 | D:5      | Reached *** piety under Qazlal
  3528 | D:5      | Found a burning altar of Makhleb.
  3725 | D:5      | Reached XP level 8. HP: 28/78 MP: 7/7
  3879 | D:5      | Found Kuiwk's Magic Scroll Emporium.
  3906 | D:5      | Reached skill level 5 in Axes
  4135 | D:6      | Gained mutation: You tend to lose your temper in combat. [potion of mutation]
  4135 | D:6      | Gained mutation: You are surrounded by a mild repulsion field. (EV +2) [potion of mutation]
  4135 | D:6      | Gained mutation: Armour fits poorly on your strangely shaped body. [potion of mutation]
  4142 | D:6      | Noticed Menkaure
  4148 | D:6      | Noticed Duvessa
  4152 | D:6      | Noticed Dowan
  4155 | D:6      | Noticed Blork the orc
  4155 | D:6      | Killed Menkaure
  4161 | D:6      | HP: 1/79 [Dowan/puff of frost (4)]
  4162 | D:6      | Slain by Duvessa

Skill      XL: |  1  2  3  4  5  6  7  8 |
---------------+-------------------------+-----
Fighting       | 3 4 |  4.6
Unarmed Combat | 4 |  4.4
Dodging        | 3 4 |  4.7
Axes           | 2 3 4 5 |  5.8
Armour         | 1 |  1.1
Stealth        | |  1.0

Action                   |  1- 3 |  4- 6 |  7- 9 || total
-------------------------+-------+-------+-------++-------
Melee: Unarmed           |    84 |    51 |       ||   135
       Punch             |     1 |     2 |     6 ||     9
       War axe           |       |   145 |   161 ||   306
  Use: Potion            |       |     6 |     2 ||     8
       Scroll            |       |       |     6 ||     6
 Stab: Sleeping          |     4 |       |       ||     4
  Eat: Chunk             |    10 |    18 |    17 ||    45
Armor: Robe              |    30 |    87 |    47 ||   164
Dodge: Dodged            |    35 |   118 |   100 ||   253
Block: Other             |       |    12 |    46 ||    58
